Map: Acid Plant LE

Players

Pandazam

  • Race: Zerg Zerg
  • League: Master
  • Spawn Location: 5:00

Earendil - Winner!

  • Race: Protoss Protoss
  • League: Master
  • Spawn Location: 11:00

VOD

Have the link to the VOD?

Description

Time

  • Played on: March 2, 2018, 3:01 p.m.
  • Length: 14:54
Show
View Real Time Build Order
Export as new Build Order

Pandazam Zerg 

Build Orders: Pool First 

Get SALT Encoding   

  12  0:00  Drone  
  13  0:12  Overlord  
  13  0:17  Drone  
  14  0:30  Drone x2  
  14  0:35  Drone  
  17  0:44  Extractor  
  17  0:46  Drone  
  17  0:51  Spawning Pool  
  17  0:56  Drone  
  17  1:29  Hatchery  
  16  1:37  Queen  
  16  1:38  Zergling x4  
  20  1:41  Drone  
  21  1:48  Metabolic Boost  
  21  1:52  Drone  
  22  2:11  Hatchery  
  21  2:17  Overlord  
  21  2:29  Drone  
  22  2:32  Evolution Chamber  
  22  2:36  Drone  
  23  2:37  Drone  
  23  2:45  Drone x2  
  23  2:46  Drone  
  23  2:47  Zergling x2  
  23  2:50  Zergling x2  
  27  2:59  Drone x2  
  29  3:09  Drone x2  
  31  3:14  Overlord  
  31  3:18  Drone  
  32  3:25  Drone  
  32  3:26  Drone x2  
  35  3:28  Drone  
  35  3:30  Drone  
  35  3:33  Queen  
  39  3:37  Drone  
  39  3:39  Drone x2  
  42  3:46  Overlord  
  42  3:50  Queen  
  44  3:56  Baneling Nest  
  44  3:59  Roach Warren  
  44  4:01  Drone x2  
  44  4:05  Drone x3  
  47  4:14  Drone x2  
  49  4:20  Spore Crawler x2  
  49  4:23  Spore Crawler  
  46  4:25  Drone  
  46  4:26  Drone x3  
  46  4:28  Overlord  
  46  4:30  Drone x2  
  52  4:35  Lair  
  52  4:36  Drone  
  53  4:44  Drone  
  53  4:45  Drone  
  55  4:48  Overlord  
  55  4:50  Drone x3  
  55  4:52  Pneumatized Carapace  
  58  4:57  Drone x2  
  58  4:58  Drone x2  
  61  5:04  Extractor  
  60  5:10  Drone x2  
  62  5:19  Drone x2  
  62  5:20  Drone x2  
  66  5:22  Drone  
  66  5:23  Drone x2  
  66  5:24  Overlord x4  
  69  5:31  Baneling Nest  
  69  5:32  Overlord  
  69  5:34  Roach x3  
  74  5:37  Glial Reconstitution  
  74  5:42  Extractor  
  73  5:44  Overlord x2  
  73  5:45  Roach  
  73  5:46  Roach  
  77  6:00  Extractor, Roach x3  
  77  6:02  Overlord  
  82  6:11  Roach x4  
  90  6:19  Zergling x12  
  96  6:28  Spore Crawler  
  96  6:29  Overlord x3  
  96  6:31  Zergling x10, Spore Crawler x2  
  98  6:40  Zergling x2  
  98  6:41  Zergling x2  
  100  6:47  Zerg Missile Weapons Level 1  
  100  6:50  Baneling x7  
  100  6:53  Zergling x2  
  100  6:54  Zergling x14  
  98  7:02  Zergling x2  
  98  7:03  Zergling x4  
  98  7:07  Hydralisk Den  
  98  7:08  Zergling x4  
  98  7:14  Queen x3  
  98  7:18  Spine Crawler  
  98  7:20  Zergling x18, Spine Crawler  
  98  7:22  Spine Crawler  
  99  7:26  Baneling  
  99  7:27  Baneling x4  
  99  7:28  Zergling x4  
  101  7:36  Hydralisk x2  
  102  7:41  Roach  
  103  7:48  Drone x3  
  103  7:49  Drone x4  
  107  7:59  Muscular Augments  
  107  8:03  Hatchery  
  106  8:06  Extractor x2  
  103  8:17  Roach x6  
  94  8:31  Drone x3  
  94  8:33  Drone x3  
  99  8:37  Drone x2  
  99  8:38  Drone x3  
  104  8:41  Zerg Ground Armor Level 1  
  104  8:46  Hydralisk  
  104  8:47  Hydralisk x3  
  112  8:51  Evolution Chamber  
  112  8:55  Hydralisk x3  
  117  9:07  Hydralisk x6  
  129  9:10  Overlord x3  
  129  9:13  Grooved Spines  
  129  9:24  Hydralisk x3  
  134  9:32  Zerg Missile Weapons Level 2  
  134  9:41  Hydralisk x3  
  134  9:42  Hydralisk x6  
  152  9:50  Overlord  
  152  9:51  Overlord x3  
  152  9:52  Overlord  
  152  9:57  Baneling  
  152  9:58  Baneling x8  
  152  10:11  Zergling x28  
  152  10:13  Baneling x3  
  166  10:24  Overlord  
  166  10:27  Hydralisk x2  
  170  10:29  Zergling x8  
  174  10:36  Zergling x2  
  174  10:37  Zergling x16  
  175  10:56  Centrifical Hooks  
  132  11:04  Hydralisk x8  
  132  11:11  Queen  
  150  11:13  Zerg Ground Armor Level 2  
  150  11:18  Spire, Drone, Infestation Pit  
  149  11:19  Drone x2  
  140  11:34  Hydralisk x6  
  132  11:45  Hydralisk x4  
  113  11:56  Roach  
  113  11:57  Roach x6  
  119  12:05  Extractor  
  119  12:06  Extractor  
  119  12:07  Hive  
  111  12:10  Roach x3  
  109  12:25  Roach x3  
  109  12:26  Roach x7  
  129  12:38  Roach x5  
  129  12:43  Overlord  
  123  12:51  Hydralisk  
  123  12:52  Hydralisk x3  
  127  13:00  Drone  
  127  13:01  Drone x2  
  128  13:18  Hydralisk  
  128  13:19  Hydralisk x8  
  146  13:38  Hydralisk  
  146  13:39  Hydralisk x2  
  146  13:40  Lurker Den  
  151  13:45  Hatchery  
  148  13:52  Roach x3  
  148  13:53  Roach x3  
  154  14:02  Hydralisk x4  
  121  14:16  Roach  
  121  14:17  Roach x4  
  92  14:28  Roach x3  
Show
View Real Time Build Order
Export as new Build Order

Earendil Protoss - Winner!

Build Orders: Forge Fast Expand (FFE) 

Get SALT Encoding   

  12  0:01  Probe  
  13  0:13  Probe  
  14  0:19  Pylon  
  14  0:25  Probe  
  15  0:37  Probe (Chrono Boost)  
  16  0:46  Probe (Chrono Boost)  
  17  0:51  Probe (Chrono Boost)  
  18  1:00  Forge  
  18  1:03  Probe  
  19  1:13  Gateway  
  19  1:16  Pylon  
  19  1:20  Probe  
  20  1:33  Nexus  
  20  1:41  Probe  
  21  1:48  Assimilator  
  21  1:52  Pylon  
  21  1:54  Probe (Chrono Boost)  
  21  1:58  Assimilator  
  22  2:06  Cybernetics Core  
  22  2:07  Probe (Chrono Boost)  
  23  2:17  Probe  
  24  2:29  Probe  
  24  2:32  Photon Cannon  
  24  2:39  Pylon  
  24  2:41  Adept (Chrono Boost)  
  26  2:48  Probe  
  26  2:52  Probe  
  26  2:56  Warp Gate (Chrono Boost)  
  26  2:57  Protoss Ground Weapons Level 1  
  27  3:05  Probe x2  
  29  3:18  Stargate  
  29  3:20  Probe (Chrono Boost)  
  29  3:26  Probe (Chrono Boost)  
  31  3:29  Probe (Chrono Boost)  
  31  3:33  Probe (Chrono Boost)  
  33  3:34  Probe (Chrono Boost)  
  33  3:37  Gateway  
  34  3:44  Probe  
  34  3:46  Gateway, Probe  
  35  3:57  Probe  
  35  3:59  Probe  
  35  4:01  Oracle (Chrono Boost)  
  40  4:11  Probe x2 (Chrono Boost)  
  42  4:23  Assimilator, Probe (Chrono Boost)  
  44  4:29  Probe (Chrono Boost)  
  44  4:37  Phoenix (Chrono Boost)  
  46  4:42  Assimilator  
  46  4:44  Pylon  
  46  4:48  Nexus  
  46  5:00  Phoenix (Chrono Boost)  
  46  5:02  Probe x2  
  50  5:08  Pylon  
  50  5:11  Gateway  
  50  5:14  Probe x2  
  52  5:23  Void Ray (Chrono Boost)  
  52  5:26  Probe x2  
  58  5:30  Pylon  
  58  5:31  Twilight Council  
  58  5:38  Probe x2  
  60  5:45  Pylon  
  60  5:47  Stalker  
  60  5:48  Pylon  
  62  5:50  Probe x2  
  62  5:51  Stalker x2  
  68  5:57  Blink (Chrono Boost)  
  68  6:02  Probe x3  
  71  6:10  Stalker  
  73  6:14  Probe x2  
  73  6:15  Robotics Facility  
  75  6:19  Probe  
  76  6:26  Probe  
  77  6:34  Void Ray  
  77  6:35  Stalker x3  
  87  6:40  Probe x2  
  87  6:41  Probe  
  90  6:55  Stalker  
  90  6:56  Probe (Chrono Boost)  
  90  7:01  Probe x2 (Chrono Boost), Protoss Ground Weapons Level 2  
  95  7:06  Probe (Chrono Boost)  
  98  7:10  Probe x2 (Chrono Boost)  
  98  7:16  Stalker  
  98  7:20  Probe  
  98  7:21  Pylon  
  98  7:22  Pylon x2  
  101  7:26  Gateway  
  101  7:30  Gateway  
  101  7:34  Void Ray  
  101  7:39  Immortal (Chrono Boost)  
  101  7:44  Charge  
  109  7:49  Stalker x3  
  109  7:50  Stalker  
  101  7:54  Probe x3  
  101  7:56  Assimilator  
  101  7:57  Assimilator  
  102  7:58  Pylon  
  102  8:14  Immortal (Chrono Boost)  
  102  8:15  Pylon  
  102  8:16  Assimilator  
  102  8:18  Nexus, Assimilator, Zealot x4  
  102  8:20  Pylon  
  99  8:29  Stalker x2  
  103  8:39  Probe (Chrono Boost)  
  106  8:43  Probe x2 (Chrono Boost)  
  106  8:45  Sentry x4  
  114  8:51  Probe (Chrono Boost)  
  114  8:53  Probe x2 (Chrono Boost)  
  117  9:00  Stalker  
  117  9:01  Stalker  
  122  9:03  Observer (Chrono Boost), Probe  
  122  9:09  Photon Cannon  
  123  9:13  Probe x2  
  123  9:15  Probe  
  123  9:16  Immortal (Chrono Boost)  
  130  9:26  Protoss Ground Weapons Level 3 (Chrono Boost)  
  130  9:28  Void Ray  
  130  9:33  Zealot x5  
  130  9:34  Zealot  
  146  9:42  Probe x2  
  146  9:43  Probe  
  146  9:45  Probe  
  150  9:47  Immortal (Chrono Boost)  
  150  9:52  Templar Archives  
  154  9:54  Gateway  
  154  9:57  Pylon  
  154  9:58  Gateway  
  154  10:04  Sentry  
  154  10:05  Stalker, Sentry  
  154  10:06  Stalker  
  162  10:07  Zealot  
  164  10:24  Immortal, Zealot  
  170  10:39  Zealot  
  172  10:46  Void Ray  
  147  11:00  Zealot  
  147  11:01  Zealot x5  
  147  11:02  Immortal (Chrono Boost)  
  135  11:11  High Templar x2  
  139  11:15  Archon  
  139  11:21  High Templar  
  139  11:22  Stalker, High Templar x3  
  139  11:23  Stalker  
  139  11:24  Void Ray  
  151  11:26  Archon  
  151  11:27  Archon  
  101  11:48  Protoss Shields Level 1 (Chrono Boost)  
  101  11:50  Zealot x4  
  95  11:55  Zealot x3  
  95  11:56  Zealot  
  95  11:59  Probe x2  
  95  12:00  Probe x2  
  95  12:01  Void Ray  
  103  12:07  Gateway  
  103  12:08  Immortal (Chrono Boost), Gateway  
  107  12:11  Zealot x4  
  107  12:14  Pylon  
  119  12:16  Pylon  
  107  12:24  Stalker x4  
  115  12:30  Probe x3  
  115  12:35  High Templar  
  115  12:36  Void Ray, High Templar, Zealot x2  
  126  12:39  Immortal (Chrono Boost)  
  126  12:40  Archon  
  134  12:50  Zealot x2  
  134  12:51  Zealot x2  
  134  12:53  Nexus  
  134  12:54  Pylon  
  134  12:56  Pylon  
  134  12:57  Zealot x2  
  139  12:58  Probe x4  
  142  13:13  Immortal (Chrono Boost)  
  142  13:14  Void Ray  
  142  13:15  High Templar x4  
  142  13:17  Stalker x3  
  142  13:19  Stalker  
  166  13:20  Archon x2  
  166  13:27  Zealot x2  
  170  13:41  High Templar  
  170  13:42  High Templar, Zealot x2  
  166  14:02  Stalker x4  
  170  14:03  Stalker x4  
  170  14:05  Archon  
  178  14:15  Immortal (Chrono Boost)  
  178  14:16  Stalker x2  
  148  14:47  Pylon  
  148  14:48  Pylon  
  148  14:51  Zealot x6  
  148  14:52  Zealot x2  
Tags
 
Add a new tag
Caveats
  • Supply blocks, unpowered buildings, or Contaminate may cause inaccurate times.
  • Supply counts are checked every 10 seconds.